 Dungeon Crawl Stone Soup version 0.29-a0-857-g9b1aa3ac5b (webtiles) character file.

Game seed: 14510681316636091778

568 concernfroge the Fighter (level 7, -3/62 HPs)
             Began as a Mummy Monk on July 17, 2022.
             Was an Initiate of Gozag.
             Splashed by a jelly's acid (9 damage)
             ... on level 5 of the Dungeon.
             The game lasted 00:14:59 (3572 turns).

concernfroge the Fighter (Mummy Monk)               Turns: 3572, Time: 00:15:00

Health: -3/62      AC: -3    Str: 17    XL:     7   Next: 11%
Magic:  7/7        EV:  5    Int:  9    God:    Gozag
Gold:   229        SH:  0    Dex: 14    Spells: 6/6 levels left

rFire   x . .      SeeInvis .   c - +3 long sword
rCold   + . .      Faith    .   (no shield)
rNeg    + + +      Spirit   .   o - +0 plate armour
rPois   ∞          Reflect  .   g - +2 helmet
rElec   .          Harm     .   (no cloak)
rCorr   .          Rampage  .   (no gloves)
Will    .....                   (no boots)
Stlth   ..........              d - amulet of regeneration
HPRegen 1.00/turn               (no ring)
MPRegen 0.10/turn               (no ring)

@: about to teleport, corroded
A: cold resistance 1, negative energy resistance 3, torment resistance 2, heat
vulnerability 1, in touch with death 1, no potions
a: Renounce Religion, Potion Petition, Call Merchant, Bribe Branch


You were on level 5 of the Dungeon.
You worshipped Gozag.
Gozag was aware of your devotion.
You visited 2 branches of the dungeon, and saw 6 of its levels.

You collected 229 gold pieces.

Inventory:

Hand Weapons
 c - a +3 long sword (weapon)
Missiles
 l - 2 throwing nets (quivered)
Armour
 g - a +2 helmet (worn)
 o - a +0 plate armour (worn)
Jewellery
 d - an amulet of regeneration (around neck)
Wands
 a - a wand of charming (11)
 b - a wand of flame (16)
 n - a wand of polymorph (3)
Scrolls
 e - 2 scrolls of teleportation
 h - 3 scrolls of identify
 k - 2 scrolls of immolation
 m - a scroll of enchant armour


   Skills:
 + Level 8.2 Fighting
 - Level 2.4 Polearms
 - Level 2.4 Dodging
 - Level 1.5 Stealth


You had 6 spell levels left.
You didn't know any spells.
Your spell library contained the following spells:

 Spells                   Type           Power      Damage    Failure   Level
 Necrotise                Necr           0%         1d4       100%        1
 Vampiric Draining        Necr           0%         2d6       100%        3
 Agony                    Necr           0%         N/A       100%        5


Dungeon Overview and Level Annotations

Branches:
Dungeon (5/15)             Temple (1/1) D:4

Altars:
Ashenzari
Cheibriados
Dithmenos
Fedhas
Gozag
Hepliaklqana
Makhleb
Nemelex Xobeh
Okawaru
Qazlal
Ru
Sif Muna
Uskayaw
Vehumet
Wu Jian
Xom
Yredelemnul

Shops:
D:2 (   D:4 [

Annotations:
D:5 Eustachio


Innate Abilities, Weirdness & Mutations

You are immune to poison.
Your flesh is cold resistant. (rC+)
You are immune to negative energy. (rN+++)
You are immune to unholy pain and torment.
You are vulnerable to heat. (rF-)
You are in touch with the powers of death.
You do not drink.


Message History

A jelly comes into view.
The jelly quivers.
The jelly jiggles.
The jelly hits you but does no damage.
You hit the jelly. The acid corrodes you!
Your hands burn!
The jelly is lightly wounded.
The jelly hits you but does no damage. The jelly barely misses you.
You hit the jelly but do no damage. The acid corrodes you!
Your hands burn!
The jelly is lightly wounded.
The jelly hits you.
You are splashed with acid!
You hit the jelly but do no damage.
Your hands burn!
The jelly is lightly wounded.
The jelly hits you but does no damage.
You hit the jelly.
Your hands burn!
The jelly is moderately wounded.
The jelly hits you but does no damage. The jelly hits you.
You are splashed with acid.
You hit the jelly.
Your hands burn!
The jelly is heavily wounded.
The jelly hits you. The acid corrodes you!
You are splashed with acid!
You are too injured to fight recklessly!
You hit the jelly but do no damage. The acid corrodes you!
Your hands burn!
The jelly is heavily wounded.
The jelly hits you.
* * * LOW HITPOINT WARNING * * *
You are splashed with acid.
* * * LOW HITPOINT WARNING * * *
The jelly barely misses you.
Okay, then.
Okay, then.
As you read the scroll of teleportation, it crumbles to dust.
You feel strangely unstable. The jelly hits you.
* * * LOW HITPOINT WARNING * * *
You are splashed with acid!
* * * LOW HITPOINT WARNING * * *
The jelly attacks as you move away! The jelly hits you but does no damage.
The jelly attacks as you move away! The jelly hits you.
* * * LOW HITPOINT WARNING * * *
The acid corrodes you!
You are splashed with acid!
You die...
Your body crumbles into a pile of gold.

....### ##....#.#
......###.....##.##
..............##.[#
.......[.....# #.8
.............# #.#
............## #.#
............# #.##
............# #J$#
............# #@8#
...........## #.##
$
............####.#
..!............#.##
...............#..#
...........###...8#
..........## ######
.........##
.........#


You could see a jelly.

Vanquished Creatures
  2 water moccasins
  A black bear (D:4)
  A scorpion (D:4)
  A hound (D:5)
  An orc priest (D:3)
  An orc wizard (D:3)
  4 adders
  A shadow imp (D:4)
  2 worms
  3 dart slugs
  3 orcs (D:3)
  4 bats
  4 endoplasms
  2 giant cockroaches
  9 goblins
  6 hobgoblins
  5 jackals
  7 quokkas
  7 ball pythons
  2 frilled lizards (D:3)
  8 kobolds
  5 rats
79 creatures vanquished.

Notes
Turn   | Place    | Note
-------+----------+-------------------------------------------
     0 | D:1      | concernfroge the Mummy Monk began the quest for the Orb.
     0 | D:1      | Reached XP level 1. HP: 18/18 MP: 1/1
   387 | D:1      | Reached XP level 2. HP: 9/24 MP: 2/2
   833 | D:1      | Reached skill level 4 in Fighting
   881 | D:1      | Found a faded altar of an unknown god.
   915 | D:1      | You fall into a shaft and drop 1 floor!
   915 | D:2      | Found Caipoghi's Antique Weapon Emporium.
  1161 | D:1      | Gained mutation: You are in touch with the powers of death.
                  | [Mummy growth]
  1161 | D:1      | Reached XP level 3. HP: 30/30 MP: 3/3
  1366 | D:2      | Found a shimmering blue altar of Sif Muna.
  1876 | D:3      | Identified the +3 whip "Ymmeaz" {freeze, *Corrode rPois rC+
                  | Int+3}
  1918 | D:3      | Reached XP level 4. HP: 37/38 MP: 4/4
  1961 | D:3      | Reached skill level 5 in Fighting
  2215 | D:3      | Noticed a water moccasin
  2239 | D:3      | Killed a water moccasin
  2240 | D:3      | Reached skill level 6 in Fighting
  2240 | D:3      | Reached XP level 5. HP: 42/46 MP: 5/5
  2382 | D:3      | Reached XP level 6. HP: 53/53 MP: 6/6
  2383 | D:3      | Found a hazy altar of Hepliaklqana.
  2738 | D:4      | Reached skill level 7 in Fighting
  3049 | D:4      | Found a staircase to the Ecumenical Temple.
  3049 | D:4      | Found Ezaf Rug's Armour Boutique.
  3058 | Temple   | Entered the Ecumenical Temple
  3058 | Temple   | Found a transporter.
  3058 | Temple   | Found a transporter.
  3060 | Temple   | Found a transporter.
  3060 | Temple   | Found a transporter.
  3090 | Temple   | Became a worshipper of Gozag Ym Sagoz the Greedy
  3334 | D:5      | Entered Level 5 of the Dungeon
  3393 | D:5      | Noticed a sky beast
  3393 | D:5      | a black bear changed into a sky beast
  3408 | D:5      | Noticed Eustachio
  3507 | D:5      | Noticed a water moccasin
  3515 | D:5      | Killed a water moccasin
  3516 | D:5      | Reached skill level 8 in Fighting
  3516 | D:5      | Reached XP level 7. HP: 59/62 MP: 7/7
  3572 | D:5      | Splashed by a jelly's acid

Illustrated notes

Levels and vault maps discovered:
D:1:      dpeg_arrival_rhombi, layout_rooms,
          hellmonk_ecumenical_altar_crossroads, serial_glass, glass_columns_a,
          glass_columns_a, minmay_strange_pillars, feat_on_display,
          minmay_strange_pillars, minmay_strange_pillars,
          hangedman_decor_growths
D:2:      layout_basic, basic_altar, serial_shops, shop_statue
D:3:      layout_loops_ring, nicolae_hepliaklqana_hippocampus, minmay_pentangle
D:4:      layout_loops_ring, minmay_temple_entry_mini_moons, serial_shops, shop
D:5:      wad_river_or_something, layout_layer_cave,
          chequers_serial_rivers_small_b, nicolae_underground_beach,
          uniq_crazy_yiuf_cottage, uniq_eustachio, uniq_grinder, uniq_sigmund
Temple:   hellmonk_temple_divided_pantheon

Skill      XL: |  1  2  3  4  5  6 |
---------------+-------------------+-----
Fighting       | 4 6 8 |  8.2
Polearms       | |  2.4
Dodging        | |  2.4
Stealth        | |  1.5

Action                   |  1- 3 |  4- 6 |  7- 9 || total
-------------------------+-------+-------+-------++-------
Melee: Spear             |    38 |       |       ||    38
       Short sword       |    27 |       |       ||    27
       Quarterstaff      |    68 |       |       ||    68
       Long sword        |     2 |   150 |    12 ||   164
Evoke: Wand              |       |     4 |       ||     4
  Use: Scroll            |     5 |     3 |     1 ||     9
 Stab: Sleeping          |     3 |       |       ||     3
Armor: Robe              |    19 |       |       ||    19
       Ring mail         |    20 |       |       ||    20
       Scale mail        |       |    85 |       ||    85
       Plate armour      |       |    27 |    10 ||    37
Dodge: Dodged            |    85 |    90 |     2 ||   177

Table legend: (Time is in decaauts)
 A = Elapsed time spent in this place.
 B = Non-inter-level travel time spent in this place.
 C = Inter-level travel time spent in this place.
 D = Time resting spent in this place.
 E = Time spent auto-exploring this place.
 F = Levels seen in this place.
 G = Mean time per level.
                   A        B        C        D        E       F      G
               +--------+--------+--------+--------+--------+-----+--------+
         Total |   3654 |   3385 |    269 |    455 |   2127 |   6 |  609.0 |
       Dungeon |   3603 |   3367 |    236 |    455 |   2121 |   5 |  720.6 |
        Temple |     50 |     17 |     33 |      0 |      6 |   1 |   50.0 |
               +--------+--------+--------+--------+--------+-----+--------+

Top non-repeatable levels by time:
     D:1: 1161 daAuts
     D:3: 916 daAuts
     D:4: 706 daAuts
     D:2: 566 daAuts
     D:5: 251 daAuts
  Temple: 50 daAuts
